[Event "Titled Tuesday Blitz July 11 Late 2023"]
[White "Alexikov, Alexander"]
[Black "Blitz"]
[WhiteFideId "14103958"]
[WhiteElo "2217"]
[BlackElo "2488"]
[Result "1-0"]
[Round "7"]
[TimeControl "180+2"]
[Date "2023.07.11"]
[WhiteClock "0:00:15"]
[BlackClock "0:00:02"]
[Board "140"]

1. e4 c5 2. Nf3 d6 3. d4 cxd4 4. Nxd4 Nf6 5. Nc3 a6 6. Be2 e5 7. Nb3 Be7 8. O-O O-O 9. f4 exf4 10. Bxf4 Be6 11. Kh1 Nc6 12. Qe1 Ne5 13. Rd1 Ng6 14. Bg3 Qb6 15. Qf2 Qxf2 16. Rxf2 Rfd8 17. Nd4 Ng4 18. Bxg4 Bxg4 19. Rdf1 Bf6 20. Nf5 Bxf5 21. exf5 Ne7 22. Ne4 Bd4 23. Rd2 Nc6 24. c3 Be5 25. Rfd1 Bxg3 26. hxg3 d5 27. Rxd5 Re8 28. Ng5 h6 29. Nf3 Re2 30. R1d2 Rae8 31. Kg1 g5 32. Kf1 Rxd2 33. Rxd2 g4 34. Nd4 Ne5 35. b3 Rc8 36. c4 b5 37. cxb5 axb5 38. Nxb5 Rc1+ 39. Ke2 Rg1 40. Ke3 h5 41. Nd6 f6 42. Ne4 Kg7 43. Rc2 Rb1 44. Rc7+ Kf8 45. Nxf6 Re1+ 46. Kf4 Nf7 47. Nxh5 Rf1+ 48. Kxg4 Ne5+ 49. Kg5 Nf7+ 50. Kf6 Nd6 51. Rd7 Nxf5 52. Rd8# 1-0


[Site "https://www.chess.com"]

[Event "Titled Tuesday Blitz July 11 Late 2023"]
[White "KSho99"]
[Black "Bettalli, Francesco"]
[BlackFideId "2816453"]
[WhiteElo "2208"]
[BlackElo "2448"]
[Result "1-0"]
[Round "7"]
[TimeControl "180+2"]
[Date "2023.07.11"]
[WhiteClock "0:01:46"]
[BlackClock "0:01:48"]
[Board "141"]

1. d4 e5 2. dxe5 Nc6 3. Bf4 Qe7 4. Nc3 Nxe5 5. Nd5 Qd6 6. Nf3 f6 7. e4 c6 8. Nxe5 cxd5 9. Ng6 Qb4+ 10. Bd2 Qxb2 11. Nxh8 dxe4 12. Bc4 Nh6 13. O-O 1-0


[Site "https://www.chess.com"]

[Event "Titled Tuesday Blitz July 11 Late 2023"]
[White "Khairat , Ahmed"]
[Black "Osmonbekov, Talaibek"]
[WhiteFideId "10624171"]
[BlackFideId "2017253"]
[WhiteElo "2370"]
[BlackElo "2200"]
[Result "0-1"]
[Round "7"]
[TimeControl "180+2"]
[Date "2023.07.11"]
[WhiteClock "0:00:06"]
[BlackClock "0:00:31"]
[Board "142"]

1. e4 c5 2. Nf3 d6 3. d4 cxd4 4. Nxd4 Nf6 5. Nc3 g6 6. Be3 Bg7 7. Bc4 O-O 8. Bb3 Ng4 9. Bg5 Qb6 10. h3 Nxf2 11. Kxf2 Bxd4+ 12. Kf3 Nc6 13. Nd5 Qd8 14. c3 Bg7 15. g4 Kh8 16. Kg3 h6 17. Be3 f5 18. exf5 gxf5 19. Qd2 e5 20. Bxh6 f4+ 21. Bxf4 exf4+ 22. Nxf4 Be5 23. Rhf1 Qg5 24. Rae1 Bd7 25. Rxe5 Nxe5 26. Qxd6 Rae8 27. Rf2 Bxg4 28. hxg4 Qxg4+ 29. Kh2 Rxf4 30. Rxf4 Qxf4+ 31. Kg2 Qf3+ 32. Kg1 Qg3+ 33. Kf1 Qd3+ 34. Qxd3 Nxd3 0-1


[Site "https://www.chess.com"]

[Event "Titled Tuesday Blitz July 11 Late 2023"]
[White "Thiel, Thomas"]
[Black "Silvestre, Christian"]
[WhiteFideId "4615964"]
[BlackFideId "30956269"]
[WhiteElo "2199"]
[BlackElo "2322"]
[Result "1-0"]
[Round "7"]
[TimeControl "180+2"]
[Date "2023.07.11"]
[WhiteClock "0:02:26"]
[BlackClock "0:00:57"]
[Board "143"]

1. e4 c5 2. Nc3 a6 3. Nge2 b5 4. g3 Bb7 5. Bg2 Nf6 6. d4 cxd4 7. Nxd4 b4 8. Nd5 Nxd5 9. exd5 g6 10. Bd2 Qb6 11. Be3 Qa5 12. Qd2 Bg7 13. a3 O-O 14. O-O Bxd5 15. axb4 1-0


[Site "https://www.chess.com"]

[Event "Titled Tuesday Blitz July 11 Late 2023"]
[White "Shapiro, Daniel"]
[Black "Oliveira, Tiago Batista"]
[WhiteFideId "2001780"]
[BlackFideId "2108291"]
[WhiteElo "2317"]
[BlackElo "2158"]
[Result "1-0"]
[Round "7"]
[TimeControl "180+2"]
[Date "2023.07.11"]
[WhiteClock "0:00:54"]
[BlackClock "0:00:10"]
[Board "144"]

1. d4 Nf6 2. c4 g6 3. Nc3 d5 4. Qb3 dxc4 5. Qxc4 Bg7 6. e4 Na6 7. Qa4+ Bd7 8. Qb3 c5 9. Bxa6 cxd4 10. Bc4 O-O 11. Nd1 Nxe4 12. Nf3 Qa5+ 13. Kf1 Ba4 14. Qd3 Nc5 15. Qe2 d3 16. Qd2 Qxd2 17. Bxd2 Bxb2 18. Nxb2 Rad8 19. Ne1 Bc2 20. Nxc2 dxc2 21. Ke2 Ne4 22. Bd3 Nxf2 1-0


[Site "https://www.chess.com"]

[Event "Titled Tuesday Blitz July 11 Late 2023"]
[White "Elaisaz"]
[Black "Tsukerman, Julia"]
[BlackFideId "2621649"]
[WhiteElo "2268"]
[BlackElo "2084"]
[Result "1-0"]
[Round "7"]
[TimeControl "180+2"]
[Date "2023.07.11"]
[WhiteClock "0:00:08"]
[BlackClock "0:00:00"]
[Board "145"]

1. b3 d5 2. Bb2 e6 3. g3 Nf6 4. Bg2 Be7 5. c4 O-O 6. Nf3 a6 7. O-O Nbd7 8. e3 b6 9. Nc3 Bb7 10. Qc2 Rc8 11. Rac1 c5 12. Qb1 Qc7 13. cxd5 Nxd5 14. Nxd5 exd5 15. d4 Qd6 16. Ba3 Qf6 17. Rfd1 Rfd8 18. h4 h6 19. Nh2 Qe6 20. Rd2 g6 21. dxc5 bxc5 22. Rcd1 Nf6 23. Nf3 Ne4 24. Rc2 Bf6 25. Nd2 Nc3 26. Rxc3 Bxc3 27. Qc2 Bg7 28. Bxc5 Bf8 29. b4 a5 30. a3 axb4 31. axb4 Bxc5 32. bxc5 Qc6 33. Nb3 Kg7 34. Qc3+ Kg8 35. Rc1 Ba6 36. Nd4 Qa4 37. Ra1 Qc4 38. Qxc4 Bxc4 39. c6 Kg7 40. Ra7 Kf6 41. Bh3 Ra8 42. Rxa8 Rxa8 43. c7 Ba6 44. Nb5 Bc8 45. Bg2 Bb7 46. Nd6 Bc8 47. Bxd5 Ra1+ 48. Kg2 Bd7 49. c8=Q Bxc8 50. Nxc8 Rc1 51. Nb6 Rb1 52. Nc4 Rd1 53. Bf3 Rc1 54. Nd6 Rd1 55. Ne4+ Kg7 56. g4 Rd8 57. Be2 Re8 58. Kf3 f6 59. Bc4 Re7 60. Kg3 Rc7 61. f4 Re7 62. Kf3 Rc7 63. Bd5 Rd7 64. Bc6 Rc7 65. Bb5 Rb7 66. Be2 Rb2 67. g5 f5 68. Nd6 hxg5 69. hxg5 Rb6 70. Nc4 Rb7 71. Ne5 Rc7 72. Bb5 Rb7 73. Be8 1-0


[Site "https://www.chess.com"]

[Event "Titled Tuesday Blitz July 11 Late 2023"]
[White "arturdailima"]
[Black "Semenova, Alina"]
[BlackFideId "24113875"]
[WhiteElo "2242"]
[BlackElo "2063"]
[Result "1-0"]
[Round "7"]
[TimeControl "180+2"]
[Date "2023.07.11"]
[WhiteClock "0:02:36"]
[BlackClock "0:02:49"]
[Board "146"]

1. a3 Nf6 2. d4 d6 3. Nf3 g6 4. c4 Bg7 5. Nc3 e6 6. e3 Nc6 7. Be2 Ne7 8. O-O O-O 9. b4 b6 10. Bb2 c5 11. Qb3 Qc7 12. Rad1 Rb8 13. dxc5 bxc5 14. Nb5 Qb7 15. Nxd6 cxb4 16. Nxb7 1-0


[Site "https://www.chess.com"]

[Event "Titled Tuesday Blitz July 11 Late 2023"]
[White "Quirke, Jeffrey"]
[Black "Blackwhite017"]
[WhiteFideId "2013029"]
[WhiteElo "2238"]
[BlackElo "2014"]
[Result "1-0"]
[Round "7"]
[TimeControl "180+2"]
[Date "2023.07.11"]
[WhiteClock "0:02:01"]
[BlackClock "0:00:42"]
[Board "147"]

1. c4 c6 2. g3 d5 3. Bg2 Nf6 4. Nf3 g6 5. O-O Bg7 6. d3 O-O 7. Nc3 Bg4 8. Qb3 Bxf3 9. Bxf3 dxc4 10. dxc4 Qb6 11. Be3 Qxb3 12. axb3 a6 13. Na4 Nbd7 14. Rfd1 Rad8 15. Nb6 Ne5 16. Bg2 Rfe8 17. Na4 Rd7 18. Rxd7 Nfxd7 19. Rd1 Nf6 20. h3 e6 21. Nc5 Rb8 22. f4 1-0


[Site "https://www.chess.com"]

[Event "Titled Tuesday Blitz July 11 Late 2023"]
[White "Kohler, Aran"]
[Black "Funderburg, John T"]
[WhiteFideId "1002856"]
[BlackFideId "2004992"]
[WhiteElo "2237"]
[BlackElo "1989"]
[Result "1-0"]
[Round "7"]
[TimeControl "180+2"]
[Date "2023.07.11"]
[WhiteClock "0:02:24"]
[BlackClock "0:00:33"]
[Board "148"]

1. e4 e6 2. d4 d5 3. Nc3 Nf6 4. Bg5 Bb4 5. e5 h6 6. exf6 hxg5 7. fxg7 Rg8 8. Qh5 Qf6 9. Nf3 Qxg7 10. O-O-O Bxc3 11. bxc3 Nc6 12. h4 g4 13. Ng5 Rh8 14. Qxg4 f6 15. Bd3 fxg5 16. hxg5 Rxh1 17. Rxh1 Bd7 18. Rh7 e5 19. Qh5+ 1-0


[Site "https://www.chess.com"]

[Event "Titled Tuesday Blitz July 11 Late 2023"]
[White "Kopacz, Grzegorz"]
[Black "Gyulamiryan-koryun"]
[WhiteFideId "1109880"]
[WhiteElo "2221"]
[BlackElo "1868"]
[Result "1-0"]
[Round "7"]
[TimeControl "180+2"]
[Date "2023.07.11"]
[WhiteClock "0:00:26"]
[BlackClock "0:00:00"]
[Board "149"]

1. d4 Nf6 2. c4 c5 3. d5 b5 4. cxb5 a6 5. bxa6 Bxa6 6. Nc3 g6 7. e4 Bxf1 8. Kxf1 d6 9. Nf3 Bg7 10. g3 O-O 11. Kg2 Nbd7 12. a4 Ng4 13. Ra3 Qb6 14. Nb5 c4 15. Qc2 Nc5 16. Be3 Nxe3+ 17. fxe3 Nxa4 18. Rxa4 Qxb5 19. Rxc4 Qxb2 20. Rc1 Ra2 21. Qxb2 Rxb2+ 22. R1c2 Ra8 23. Nd4 Bxd4 24. exd4 Raa2 25. Rxb2 Rxb2+ 26. Kf3 Rxh2 27. e5 Rh5 28. Ke4 dxe5 29. dxe5 Rg5 30. Rc8+ Kg7 31. Kf4 Rh5 32. Rc7 g5+ 33. Kg4 Rh1 34. Rxe7 Kg6 35. d6 h5+ 36. Kf3 Rd1 37. d7 h4 38. gxh4 gxh4 39. Kg4 Rd4+ 40. Kh3 f5 41. e6 Kf6 42. Re8 Rd3+ 43. Kxh4 Rd4+ 44. Kg3 Rd3+ 45. Kf2 Rd2+ 46. Ke3 Rd6 47. d8=Q+ Rxd8 48. Rxd8 Kxe6 49. Kf4 1-0


[Site "https://www.chess.com"]

[Event "Titled Tuesday Blitz July 11 Late 2023"]
[White "Gamboa, Juan Pablo"]
[Black "Lutz, Igor Oscar"]
[WhiteFideId "105180"]
[BlackFideId "2110806"]
[WhiteElo "1916"]
[BlackElo "1981"]
[Result "1-0"]
[Round "7"]
[TimeControl "180+2"]
[Date "2023.07.11"]
[WhiteClock "0:02:10"]
[BlackClock "0:00:06"]
[Board "150"]

1. c4 c6 2. e4 e5 3. Nf3 d6 4. Nc3 Nf6 5. d4 exd4 6. Qxd4 Be7 7. Bf4 O-O 8. O-O-O Qa5 9. Bxd6 Rd8 10. e5 Ng4 11. h3 Nxe5 12. Qxe5 Qxe5 13. Bxe5 Re8 14. Bxb8 Rxb8 15. Bd3 1-0


[Site "https://www.chess.com"]

[Event "Titled Tuesday Blitz July 11 Late 2023"]
[White "Hartikainen, Jarmo"]
[Black "deloewre"]
[WhiteFideId "503134"]
[WhiteElo "2096"]
[BlackElo "2113"]
[Result "1-0"]
[Round "7"]
[TimeControl "180+2"]
[Date "2023.07.11"]
[WhiteClock "0:00:05"]
[BlackClock "0:00:49"]
[Board "151"]

1. e4 c5 2. c3 d5 3. exd5 Qxd5 4. d4 Nc6 5. Nf3 Bg4 6. Be2 cxd4 7. cxd4 e6 8. Nc3 Qa5 9. O-O Nf6 10. a3 Be7 11. Be3 O-O 12. b4 Qd8 13. Rc1 Rc8 14. h3 Bh5 15. Qd2 Nd5 16. Nxd5 exd5 17. Ne5 Bxe2 18. Qxe2 a5 19. b5 Nxe5 20. dxe5 Bxa3 21. Rxc8 Qxc8 22. Qd3 Bb4 23. Qxd5 Rd8 24. Qb3 Qe6 25. Qxe6 fxe6 26. Rc1 Rd7 27. Rc4 Kf7 28. g3 Kg6 29. Kg2 Kf5 30. f4 h5 31. Kf3 Rd3 32. g4+ hxg4+ 33. hxg4+ Kg6 34. Ke4 Rd5 35. Rc7 Rxb5 36. f5+ exf5+ 37. gxf5+ Kh5 38. Rxg7 a4 39. Kf3 Rxe5 40. Rh7# 1-0


[Site "https://www.chess.com"]

[Event "Titled Tuesday Blitz July 11 Late 2023"]
[White "Fedoseev, Vladimir"]
[Black "Firouzja, Alireza"]
[WhiteFideId "24130737"]
[BlackFideId "12573981"]
[WhiteElo "3093"]
[BlackElo "3102"]
[Result "0-1"]
[Round "8"]
[TimeControl "180+2"]
[Date "2023.07.11"]
[WhiteClock "0:00:00"]
[BlackClock "0:00:13"]
[Board "1"]

1. c4 e5 2. Nc3 Nc6 3. g3 g6 4. Bg2 Bg7 5. e3 d6 6. Nge2 Be6 7. d4 exd4 8. Nxd4 Nxd4 9. exd4 Nf6 10. O-O O-O 11. b3 d5 12. Re1 dxc4 13. bxc4 Bxc4 14. Bxb7 Rb8 15. Bg2 Nd5 16. Ne4 Re8 17. Ba3 Qc8 18. Bc5 Qa6 19. Qd2 h6 20. h4 Re6 21. Nc3 Rxe1+ 22. Rxe1 Nxc3 23. Qxc3 Qxa2 24. Ra1 Rb1+ 25. Rxb1 Qxb1+ 26. Kh2 Qa2 27. h5 gxh5 28. Qf3 c6 29. Qxc6 Qxf2 30. Bxa7 Bxd4 31. Bxd4 Qxd4 32. Qf3 h4 33. g4 Be6 34. Kh3 h5 35. Kxh4 hxg4 36. Qe4 Qf2+ 37. Kg5 Kg7 0-1


[Site "https://www.chess.com"]

[Event "Titled Tuesday Blitz July 11 Late 2023"]
[White "Carlsen, Magnus"]
[Black "Sarana, Alexey"]
[WhiteFideId "1503014"]
[BlackFideId "24133795"]
[WhiteElo "3277"]
[BlackElo "3065"]
[Result "1-0"]
[Round "8"]
[TimeControl "180+2"]
[Date "2023.07.11"]
[WhiteClock "0:00:08"]
[BlackClock "0:00:02"]
[Board "2"]

1. c4 e5 2. Nc3 Nf6 3. Nf3 Nc6 4. g3 Bb4 5. Nd5 Bc5 6. Bg2 d6 7. e3 O-O 8. O-O Re8 9. b3 a5 10. Bb2 Bg4 11. h3 Bh5 12. Nxf6+ Qxf6 13. a3 Bb6 14. d3 Rad8 15. Qe2 h6 16. Rfd1 Nd4 17. Bxd4 Bxd4 18. Rab1 Ba7 19. b4 axb4 20. axb4 c6 21. b5 d5 22. g4 Bg6 23. bxc6 bxc6 24. cxd5 cxd5 25. Qa2 Bc5 26. Rb5 Qc6 27. Qa5 Bf8 28. d4 Ra8 29. Qb6 Qc2 30. Rf1 Reb8 31. Qxb8 Rxb8 32. Rxb8 exd4 33. Nxd4 Qc7 34. Ra8 Qc5 35. Rfa1 Kh7 36. R8a5 Qc3 37. Bxd5 Bc5 38. Ne2 Qb2 39. Nf4 Bb1 40. Bxf7 Bd6 41. Bc4 Bxf4 42. exf4 Qc1+ 43. Bf1 Qb2 44. R1a3 Be4 45. Re3 Qd4 46. Re5 Bb1 47. f5 Qf4 48. Re7 Kh8 49. Rb7 h5 50. Rxb1 hxg4 51. hxg4 Qxg4+ 52. Rg3 Qf4 53. Rb7 Kg8 54. Rgxg7+ Kh8 55. Rh7+ Kg8 56. Rbg7+ Kf8 57. Rg3 Ke8 58. Rg8# 1-0


[Site "https://www.chess.com"]

[Event "Titled Tuesday Blitz July 11 Late 2023"]
[White "Kramnik, Vladimir"]
[Black "Nakamura, Hikaru"]
[WhiteFideId "4101588"]
[BlackFideId "2016192"]
[WhiteElo "2981"]
[BlackElo "3236"]
[Result "0-1"]
[Round "8"]
[TimeControl "180+2"]
[Date "2023.07.11"]
[WhiteClock "0:00:00"]
[BlackClock "0:00:25"]
[Board "3"]

1. e4 a6 2. d4 c6 3. Nf3 d5 4. Nbd2 dxe4 5. Nxe4 Nf6 6. Nxf6+ exf6 7. Bc4 Bd6 8. Qe2+ Qe7 9. Qxe7+ Kxe7 10. Bd2 Bg4 11. O-O-O Rc8 12. Rde1+ Kf8 13. Nh4 c5 14. Re4 Bd7 15. Bd5 Nc6 16. dxc5 Bxc5 17. Be3 Bxe3+ 18. Rxe3 Rc7 19. Rc3 Rac8 20. Rd1 g6 21. Nf3 Nb4 22. Rxc7 Rxc7 23. Bb3 Bg4 24. Rd6 Bxf3 25. gxf3 Ke7 26. Rd2 Nc6 27. f4 Na7 28. c3 Nc8 29. Re2+ Kf8 30. Rd2 h5 31. Kc2 Ke7 32. a4 Nd6 33. Bd5 a5 34. Re2+ Kf8 35. Kd3 Rc5 36. Kd4 b6 37. c4 Rc7 38. Kd3 Rc8 39. b4 axb4 40. Rb2 Rc5 41. Rxb4 Nc8 42. Kd4 Ra5 43. Bb7 Ne7 44. Rxb6 Rxa4 45. Be4 f5 46. Bd3 Ra2 47. c5 Rxf2 48. Ke5 Rf3 49. Bc4 Re3+ 50. Kd4 Re4+ 51. Kd3 Rxf4 52. Rf6 Rh4 53. Rxf7+ Ke8 54. Rg7 Rxh2 55. c6 Nxc6 56. Bb5 Kf8 0-1


[Site "https://www.chess.com"]

[Event "Titled Tuesday Blitz July 11 Late 2023"]
[White "Caruana, Fabiano"]
[Black "Shimanov, Aleksandr"]
[WhiteFideId "2020009"]
[BlackFideId "4198603"]
[WhiteElo "3115"]
[BlackElo "2937"]
[Result "1/2-1/2"]
[Round "8"]
[TimeControl "180+2"]
[Date "2023.07.11"]
[WhiteClock "0:00:08"]
[BlackClock "0:00:03"]
[Board "4"]

1. c4 g6 2. d4 Bg7 3. Nc3 c5 4. Nf3 cxd4 5. Nxd4 Nc6 6. Nc2 Bxc3+ 7. bxc3 Qa5 8. e4 Nf6 9. f3 d6 10. Bd2 Be6 11. Nd4 Rc8 12. Nxe6 fxe6 13. Qb3 Kf7 14. Be3 b6 15. Be2 Ne5 16. O-O Ned7 17. a4 Rc7 18. Bd4 Rhc8 19. Qc2 e5 20. Be3 Rxc4 21. Bxc4+ Rxc4 22. Ra3 Kg7 23. Qb3 Rc7 24. Qb5 Nc5 25. Qxa5 bxa5 26. Rb1 Nfd7 27. Rb5 a6 28. Rb1 Rc6 29. h4 h5 30. Ra2 Kf7 31. Kh2 Ke6 32. Kg3 Rc8 33. Ra3 Rc6 34. c4 Rc8 35. Bd2 Rc6 36. Bxa5 Rc8 37. Kh3 Rc6 38. Rb2 Rc8 39. Bd2 Rc6 40. a5 Rc8 41. Be3 Rc6 42. Rb1 Rc8 43. g4 hxg4+ 44. Kxg4 Nf6+ 45. Kh3 Nfd7 46. Kg3 Kf7 47. Kh3 Ke6 48. Kg3 Kf7 49. Ra2 Ke6 50. Ra3 1/2-1/2


[Site "https://www.chess.com"]

[Event "Titled Tuesday Blitz July 11 Late 2023"]
[White "Moroni, Luca Jr"]
[Black "Martinez Alcantara, Jose Eduardo"]
[WhiteFideId "865834"]
[BlackFideId "3805662"]
[WhiteElo "2862"]
[BlackElo "3022"]
[Result "1/2-1/2"]
[Round "8"]
[TimeControl "180+2"]
[Date "2023.07.11"]
[WhiteClock "0:00:22"]
[BlackClock "0:00:15"]
[Board "5"]

1. c4 c5 2. g3 Nc6 3. Bg2 g6 4. Nc3 Bg7 5. d3 d6 6. Qd2 Nh6 7. b3 Nf5 8. Bb2 e5 9. e3 O-O 10. Nge2 Rb8 11. Nd5 Nfe7 12. O-O b5 13. cxb5 Rxb5 14. Nxe7+ Nxe7 15. d4 cxd4 16. exd4 Nf5 17. Rfd1 Qa5 18. Nc3 Rb8 19. dxe5 dxe5 20. Nd5 Qxd2 21. Rxd2 Bb7 22. Rc1 Kh8 23. h4 Nd4 24. Bxd4 exd4 25. Nf4 Rbc8 26. Rxc8 Bxc8 27. Bh3 Bb7 28. Bg2 Bc8 29. Bh3 Bb7 30. Bg2 Ba6 31. Bf1 Bc8 32. Rc2 Be5 33. Bh3 Ba6 34. Bf1 Bc8 35. Bh3 Bb7 36. Bg2 Bc8 37. Bh3 1/2-1/2


[Site "https://www.chess.com"]

[Event "Titled Tuesday Blitz July 11 Late 2023"]
[White "Maksimovic, Bojan"]
[Black "Andreikin, Dmitry"]
[WhiteFideId "14408120"]
[BlackFideId "4158814"]
[WhiteElo "2858"]
[BlackElo "3017"]
[Result "1-0"]
[Round "8"]
[TimeControl "180+2"]
[Date "2023.07.11"]
[WhiteClock "0:00:07"]
[BlackClock "0:00:03"]
[Board "6"]

1. Nf3 Nf6 2. g3 b5 3. Bg2 Bb7 4. O-O e6 5. d3 Be7 6. Nbd2 O-O 7. e4 d6 8. Re1 c5 9. c3 Nc6 10. Qc2 Rc8 11. a3 Nd7 12. b4 Bf6 13. Rb1 a5 14. bxc5 Nxc5 15. d4 Nd7 16. Qd3 b4 17. axb4 axb4 18. cxb4 Qb6 19. Nc4 Qb5 20. Bf1 Be7 21. Qd2 Qh5 22. Bg2 d5 23. exd5 Qxd5 24. Ne3 Qh5 25. d5 Nce5 26. Nxe5 Nxe5 27. Qd1 Qg6 28. Bb2 Nd3 29. Re2 Rfd8 30. Qb3 Nxb4 31. Ba3 Bxd5 32. Nxd5 Nxd5 33. Be4 Qh5 34. Bf3 Qf5 35. Be4 Qf6 36. Bxd5 Bxa3 37. Bxe6 fxe6 38. Qxa3 h6 39. Rbe1 Re8 40. Qb3 Rc6 41. Qb5 Rcc8 42. Re5 Re7 43. Qe2 Rce8 44. h4 Kh7 45. Qe4+ Kg8 46. h5 Qf7 47. Kg2 Qf6 48. Re3 Rf7 49. Re2 Rfe7 50. Qg4 Kh8 51. R2e4 Kh7 52. Qe2 Rf7 53. f3 Rfe7 54. Rf4 Qxf4 55. gxf4 Rc8 56. Qe4+ Kh8 57. Rxe6 Rxe6 58. Qxe6 Rf8 59. Kg3 Rf6 60. Qe8+ Kh7 61. Kg4 Rb6 62. f5 Rb4+ 63. f4 Rb6 64. Qe4 Rf6 65. Kf3 Kg8 66. Ke3 Kf7 67. Kd4 Rd6+ 68. Ke5 Rf6 69. Qb7+ Kf8 70. Qc8+ Kf7 71. Qe6+ Rxe6+ 72. fxe6+ Ke7 73. f5 Ke8 74. Kd6 Kd8 75. e7+ Ke8 76. Ke6 1-0


[Site "https://www.chess.com"]

[Event "Titled Tuesday Blitz July 11 Late 2023"]
[White "Bortnyk, Mykola"]
[Black "Licznerski, Lukasz"]
[WhiteFideId "14120836"]
[BlackFideId "1179250"]
[WhiteElo "3005"]
[BlackElo "2825"]
[Result "1-0"]
[Round "8"]
[TimeControl "180+2"]
[Date "2023.07.11"]
[WhiteClock "0:00:05"]
[BlackClock "0:00:00"]
[Board "7"]

1. e4 c6 2. d4 d5 3. exd5 cxd5 4. c4 Nf6 5. Nc3 g6 6. Qb3 Bg7 7. cxd5 O-O 8. Bd3 Nbd7 9. Bg5 Nb6 10. Bxf6 Bxf6 11. Nf3 a5 12. a4 Qd6 13. O-O Bg4 14. Ne5 Bc8 15. Rfe1 Qb4 16. Bc2 Qxd4 17. Re4 Qc5 18. Nd3 Qd6 19. Rd1 Bxc3 20. bxc3 Qxd5 21. Rxe7 Qd6 22. Rde1 Nd5 23. R7e5 Be6 24. Qb2 Rac8 25. Bb3 Nc7 26. Nc5 Bxb3 27. Qxb3 Qc6 28. Qxb7 Qxb7 29. Nxb7 Ne6 30. R1e3 Rc4 31. g3 Rb8 32. Nd6 Rxa4 33. Nxf7 Kxf7 34. Rxe6 Rb7 35. Ra6 Rc7 36. Rf3+ Kg7 37. h4 Ra3 38. h5 Raxc3 39. Rxc3 Rxc3 40. Rxa5 Kh6 41. Kg2 gxh5 42. Kh3 Rc4 43. f3 Rb4 44. Re5 Kg6 45. f4 Rb1 46. Re6+ Kg7 47. Kh4 Rh1+ 48. Kg5 Rh3 49. Re7+ Kf8 50. Rxh7 Rxg3+ 51. Kf6 Kg8 52. Rxh5 Ra3 53. Re5 Kf8 54. Re6 Ra4 55. f5 1-0


[Site "https://www.chess.com"]

[Event "Titled Tuesday Blitz July 11 Late 2023"]
[White "Perez Ponsa, Federico"]
[Black "Deac, Bogdan-Daniel"]
[WhiteFideId "117927"]
[BlackFideId "1226380"]
[WhiteElo "2822"]
[BlackElo "3001"]
[Result "0-1"]
[Round "8"]
[TimeControl "180+2"]
[Date "2023.07.11"]
[WhiteClock "0:00:09"]
[BlackClock "0:00:05"]
[Board "8"]

1. e4 c6 2. d4 d5 3. e5 Bf5 4. h4 h5 5. Bd3 Bxd3 6. Qxd3 e6 7. Nf3 Nh6 8. Bxh6 Rxh6 9. c4 dxc4 10. Qxc4 Nd7 11. Nc3 Be7 12. Ne4 Qa5+ 13. Kf1 Qd5 14. Qe2 Nb6 15. g3 Qc4 16. Qxc4 Nxc4 17. b3 Na3 18. Kg2 Rd8 19. Rac1 Rd5 20. Nc3 Ra5 21. Rhd1 Nb5 22. Na4 Ba3 23. Rc2 Be7 24. Rd3 Nc7 25. Nd2 Nd5 26. Rf3 Nb4 27. Rb2 Rd5 28. a3 Na6 29. Rf4 Bxa3 30. Rb1 Be7 31. Nf1 Nb4 32. Ne3 Rd8 33. Rd1 Rh8 34. Nc3 a6 35. Rf3 Rf8 36. Ne4 Nd5 37. Nc4 f6 38. exf6 gxf6 39. Re1 Kd7 40. Na5 Rb8 41. Nc5+ Bxc5 42. dxc5 e5 43. Rf5 Rh8 44. Nc4 Rbf8 45. Nd6 b6 46. Ne4 Ke6 47. Rf3 b5 48. Ra1 Ra8 49. Rd1 a5 50. Nxf6 a4 51. bxa4 bxa4 52. Ne4 a3 53. Ng5+ Ke7 54. Rf7+ Ke8 55. Rf5 Kd7 56. Rf7+ Ke8 57. Ra1 Rf8 58. Rb7 Rf5 59. Ne4 Rf8 60. Rb3 Ra4 61. Nd6+ Ke7 62. Raxa3 Rd4 63. Ra7+ Ke6 64. Rh7 Rd2 65. Rh6+ Rf6 66. Rxf6+ Nxf6 67. Rf3 Rc2 68. Nb7 Ng4 69. Nd8+ Kd5 70. Nb7 Kd4 71. Rf8 e4 72. Rd8+ Ke5 73. Re8+ Kd4 74. Rd8+ Ke5 75. Re8+ Kd5 76. Rd8+ Kc4 77. Nd6+ Kd5 78. Nf5+ Ke5 79. Ne7 e3 80. Nxc6+ Kf6 81. Rd6+ Kg7 82. Kf3 Rxf2+ 83. Ke4 e2 84. Nd4 e1=Q+ 85. Kd5 Rd2 86. c6 Nf6+ 87. Kc5 Qc1+ 88. Kb6 Rb2+ 89. Nb5 Qc4 90. c7 Qxb5+ 91. Ka7 Qb7# 0-1


[Site "https://www.chess.com"]

[Event "Titled Tuesday Blitz July 11 Late 2023"]
[White "Bluebaum, Matthias"]
[Black "Antipov, Mikhail Al."]
[WhiteFideId "24651516"]
[BlackFideId "4107012"]
[WhiteElo "3042"]
[BlackElo "2916"]
[Result "1-0"]
[Round "8"]
[TimeControl "180+2"]
[Date "2023.07.11"]
[WhiteClock "0:00:08"]
[BlackClock "0:00:00"]
[Board "9"]

1. d4 Nf6 2. c4 e6 3. Nc3 Bb4 4. e3 O-O 5. Bd2 d5 6. Nf3 Be7 7. Rc1 Nbd7 8. Qc2 h6 9. cxd5 exd5 10. Bd3 c6 11. O-O Bd6 12. Rfe1 Re8 13. h3 Re7 14. Nh4 Nf8 15. Nf5 Bxf5 16. Bxf5 Qe8 17. a3 Ng6 18. Bxg6 fxg6 19. f3 Rd8 20. Re2 Nh5 21. e4 Bc7 22. e5 Bb6 23. Be3 Ng3 24. Rd2 Nf5 25. Bf2 Qf7 26. b4 g5 27. a4 a5 28. b5 Rc7 29. Qb1 c5 30. dxc5 Rxc5 31. Ne2 Rxc1+ 32. Qxc1 d4 33. Qc2 Rd5 34. Qe4 Qe6 35. Kf1 Rxe5 36. Qxb7 d3 37. Qxb6 dxe2+ 38. Ke1 Qe7 39. Qd8+ Qxd8 40. Rxd8+ Kf7 41. Rd2 Ne7 42. Rxe2 Rd5 43. Rd2 Re5+ 44. Re2 Rd5 45. Rc2 Nf5 46. b6 Nd6 47. b7 1-0


[Site "https://www.chess.com"]

[Event "Titled Tuesday Blitz July 11 Late 2023"]
[White "Paravyan, David"]
[Black "Zhigalko, Sergei"]
[WhiteFideId "4194985"]
[BlackFideId "13502956"]
[WhiteElo "3018"]
[BlackElo "2887"]
[Result "1-0"]
[Round "8"]
[TimeControl "180+2"]
[Date "2023.07.11"]
[WhiteClock "0:00:05"]
[BlackClock "0:00:00"]
[Board "10"]

1. e4 c5 2. Nf3 d6 3. d4 cxd4 4. Nxd4 Nf6 5. Nc3 a6 6. Bd3 g6 7. f3 Bg7 8. Be3 O-O 9. Qd2 Nc6 10. O-O-O Nxd4 11. Bxd4 e5 12. Be3 Be6 13. Be2 Rc8 14. Kb1 Rc6 15. g4 Qd7 16. g5 Nh5 17. Nd5 Nf4 18. Nxf4 exf4 19. Bd4 Rfc8 20. c3 Qc7 21. Bxg7 Kxg7 22. Qd4+ Kg8 23. Rc1 Qa5 24. c4 Qxg5 25. h4 Qe5 26. Qd2 Bxc4 27. Bxc4 Rxc4 28. Rxc4 Rxc4 29. h5 g5 30. h6 Qd4 31. Qa5 Qb6 32. Qxb6 1-0


[Site "https://www.chess.com"]

[Event "Titled Tuesday Blitz July 11 Late 2023"]
[White "Dardha, Daniel"]
[Black "Oparin, Grigoriy"]
[WhiteFideId "240990"]
[BlackFideId "24125890"]
[WhiteElo "2875"]
[BlackElo "2984"]
[Result "0-1"]
[Round "8"]
[TimeControl "180+2"]
[Date "2023.07.11"]
[WhiteClock "0:00:24"]
[BlackClock "0:00:53"]
[Board "11"]

1. d4 Nf6 2. Bg5 d5 3. Nd2 c5 4. dxc5 e6 5. e4 Bxc5 6. Qe2 Nc6 7. O-O-O Be7 8. e5 Nd7 9. Bxe7 Qxe7 10. f4 O-O 11. Ngf3 f6 12. exf6 Qxf6 13. g3 e5 14. Bh3 e4 15. Ng5 Nb6 16. Bxc8 Raxc8 17. c3 h6 18. Nh3 Nb4 19. Kb1 Nd3 20. Nb3 Nxb2 21. Kxb2 Na4+ 22. Ka3 Nxc3 23. Qh5 Qa6+ 0-1


[Site "https://www.chess.com"]